 Dungeon Crawl Stone Soup version 0.30-a0-879-ga8ba668304 (webtiles) character file.

Game seed: 8735007983334751893

10654 cheesebisquit the Grappler (level 11, -23/107 HPs)
             Began as a Troll Fighter on Mar 13, 2023.
             Was a Priest of Fedhas.
             Annihilated by a titanic slime creature (93 damage)
             ... on level 12 of the Dungeon on Mar 14, 2023.
             The game lasted 00:50:39 (10352 turns).

cheesebisquit the Grappler (Troll Fighter)         Turns: 10352, Time: 00:50:39

Health: -23/107    AC:  8    Str: 30    XL:     11   Next: 39%
Magic:  11/12      EV: 18    Int:  4    God:    Fedhas [***...]
Gold:   265        SH: 15    Dex:  9    Spells: 10/10 levels left

rFire   . . .      SeeInvis .      - Unarmed
rCold   . . .      Faith    .    x - +2 tower shield
rNeg    . . .      Spirit   .    k - +1 robe {Will+}
rPois   .          Reflect  .    (helmet restricted)
rElec   .          Rampage  .    c - +2 cloak {rCorr}
rCorr   +                        (gloves unavailable)
Will    +....                    (boots unavailable)
Stlth   +                        (no amulet)
HPRegen 1.17/turn                r - +5 ring of evasion
MPRegen 0.13/turn                G - +5 ring of evasion

@: hasted, very quick
A: large, unfitting armour, claws 3, regeneration 1, shaggy fur 1, tough skin 1
a: Renounce Religion, Wall of Briars, Grow Ballistomycete


You were on level 12 of the Dungeon.
You worshipped Fedhas.
Fedhas was most pleased with you.
You visited 2 branches of the dungeon, and saw 13 of its levels.
You also visited: Sewer.

You collected 653 gold pieces.
You spent 388 gold pieces at shops.

Inventory:

Missiles
 b - 67 stones
 i - 11 poisoned darts (quivered)
 J - a boomerang
Armour
 c - a +2 cloak of preservation (worn)
 k - a +1 robe of willpower (worn)
 x - a +2 tower shield (worn)
Jewellery
 r - a +5 ring of evasion (left claw)
 u - a ring of protection from cold
 E - a ring of resist corrosion
 G - a +5 ring of evasion (right claw)
Wands
 a - a wand of acid (1)
 m - a wand of polymorph (10)
 t - a wand of digging (5)
 F - a wand of paralysis (5)
Scrolls
 d - 4 scrolls of enchant weapon
 e - 3 scrolls of teleportation
 g - 2 scrolls of magic mapping
 n - 6 scrolls of vulnerability
 s - a scroll of fear
 w - 3 scrolls of blinking
 y - 2 scrolls of poison
 z - a scroll of brand weapon {unknown}
 A - a scroll of summoning
 B - a scroll of torment {unknown}
 C - a scroll of immolation
 D - 2 scrolls of silence
 H - a scroll of fog {unknown}
 I - 2 scrolls of amnesia
Potions
 f - a potion of lignification
 h - 2 potions of magic
 j - 4 potions of curing
 l - 3 potions of resistance
 o - a potion of haste
 p - 3 potions of heal wounds
 q - 4 potions of brilliance
 v - a potion of mutation
 K - 2 potions of attraction
 L - a potion of ambrosia


   Skills:
 + Level 6.9 Fighting
 + Level 6.7 Throwing
 + Level 2.1 Armour
 + Level 4.2 Dodging
 + Level 7.5 Shields
 * Level 10.9 Unarmed Combat
 + Level 3.5 Invocations


You had 10 spell levels left.
You didn't know any spells.
Your spell library contained the following spells:

 Spells                   Type           Power      Damage    Failure   Level
 Sting                    Tmut/Pois      0%         1d3       96%         1
 Blink                    Tloc           0%         N/A       99%         2
 Ensorcelled Hibernation  Hex/Ice        0%         N/A       99%         2
 Passwall                 Tmut/Erth      0%         N/A       99%         2
 Inner Flame              Hex/Fire       0%         N/A       100%        3
 Mephitic Cloud           Conj/Pois/Air  0%         N/A       100%        3
 Swiftness                Air            0%         N/A       100%        3
 Tukima's Dance           Hex            0%         N/A       100%        3
 Cause Fear               Hex            0%         N/A       100%        4
 Ice Form                 Ice/Tmut       0%         N/A       100%        4
 Manifold Assault         Tloc           0%         N/A       100%        4
 Passage of Golubria      Tloc           0%         N/A       100%        4
 Blade Hands              Tmut           0%         N/A       100%        5
 Yara's Violent Unravell  Hex/Tmut       0%         3d3       100%        5
 Eringya's Noxious Bog    Tmut/Pois      0%         N/A       100%        6
 Storm Form               Tmut/Air       0%         N/A       100%        7
 Discord                  Hex            0%         N/A       100%        8


Dungeon Overview and Level Annotations

Branches:
Dungeon (12/15)            Temple (1/1) D:4            Lair (0/5) D:8
    Orc (0/2) D:12          Sewer (visited)

Altars:
Ashenzari
Cheibriados
Dithmenos
Elyvilon
Fedhas
Gozag
Hepliaklqana
Kikubaaqudgha
Makhleb
Nemelex Xobeh
Okawaru
Qazlal
Ru
Sif Muna
Trog
Uskayaw
Vehumet
Wu Jian
Xom
Yredelemnul
Zin
The Shining One

Shops:
D:4 *   D:6 ?   D:8 *   D:9 [   D:10 [


Innate Abilities, Weirdness & Mutations

You are too large for most types of armour.
You have claws for hands.
Your natural rate of healing is unusually fast.
You are covered in fur. (AC +1)
You have tough skin. (AC +1)


Message History

The tengu conjurer pecks your briar patch but does no damage.
The tengu conjurer claws your briar patch but does no damage.
The large slime creature hits you!
You claw the large slime creature!
The large slime creature is severely wounded.
The tengu conjurer is struck by your briar patch's thorns.
The tengu conjurer hits your briar patch!
The tengu conjurer pecks your briar patch but does no damage.
The tengu conjurer claws your briar patch but does no damage.
You block the large slime creature's attack.
You scratch the large slime creature.
The large slime creature is severely wounded.
The tengu conjurer hits your briar patch.
The tengu conjurer pecks your briar patch but does no damage.
The tengu conjurer claws your briar patch but does no damage.
Two slime creatures merge to form a very large slime creature.
You mangle the very large slime creature!!
The very large slime creature is heavily wounded.
The very large slime creature looks more healthy.
The tengu conjurer casts a spell at you.
The bolt of lightning hits your briar patch!!
Your briar patch is destroyed!
Your briar patch disappears in a puff of smoke!
The bolt of lightning hits you!!
The bolt of lightning hits your briar patch!!
Your briar patch is destroyed!
Your briar patch disappears in a puff of smoke!
Two slime creatures merge to form an enormous slime creature.
You scratch the enormous slime creature.
The enormous slime creature is heavily wounded.
Two slime creatures merge to form a titanic slime creature.
The tengu conjurer hits you!
The tengu conjurer pecks you but does no damage.
You block the tengu conjurer's attack.
You feel yourself speed up.
A manticore comes into view.
The titanic slime creature hits you!!!!
Ouch! That really hurt!
You die...
Fedhas appreciates your contribution to the ecosystem.

.... #........# # ....
#........# ###....
##..#.########. ≈###...
##.##.......... ..<#....
#..###.........
≈###....##.## #.........
≈##..#......###..§......
§≈##...##......P.P###..#
≈§####....##...#@## ##
≈§§#..###....#.PQJ(((.#
#≈≈##..#....####§..#...#
#≈≈##........>..#... ..
#≈#.....###........# #
≈≈#....## ###.......
##≈##...)# ..# .#...
.≈≈#.....# H.. .##..
..≈##....#


You could see a titanic slime creature (ally target), a manticore (wandering)
and a tengu conjurer (ally target).

Vanquished Creatures
  A hydra (D:12)
  4 two-headed ogres
  A deep elf pyromancer (D:12)
  2 molten gargoyles (D:12)
  A hornet (D:8)
  A troll (D:11)
  Prince Ribbit (D:8)
  3 wyverns
  2 wraiths
  5 yaks (D:9)
  Eustachio (D:5)
  2 vampire mosquitoes (D:12)
  An acid dragon (D:8)
  4 water moccasins
  Duvessa (D:5)
  5 orc warriors
  A sky beast (D:7)
  2 black bears (D:8)
  3 centaurs
  6 kobold brigands
  4 bullfrogs
  A scorpion (D:6)
  Dowan (D:5)
  8 killer bees
  5 lava snakes (D:12)
  Crazy Yiuf (D:3)
  2 hounds
  2 jellies
  6 orc priests
  A gnoll bouda (D:10)
  Jessica (D:2)
  3 iguanas
  12 orc wizards
  Natasha (thrice) (D:2)
  15 gnolls
  13 adders
  4 river rats (D:4)
  A shadow imp (D:5)
  2 white imps
  2 ufetubi
  7 worms
  3 dart slugs
  29 orcs
  10 ball pythons
  9 endoplasms
  7 giant cockroaches
  4 goblins
  5 hobgoblins
  2 jackals (D:5)
  4 quokkas
  5 bats
  A frilled lizard (D:1)
  27 kobolds
  6 rats
253 creatures vanquished.

Vanquished Creatures (collateral kills)
  A bullfrog (D:8)
  A scorpion (D:8)
  2 orcs (D:9)
  5 kobolds (D:8)
9 creatures vanquished.

Vanquished Creatures (others)
  An adder (D:6)
  A fungus (Sewer)
2 creatures vanquished.

Grand Total: 264 creatures vanquished

Notes
Turn   | Place    | Note
-------+----------+-------------------------------------------
     0 | D:1      | cheesebisquit the Troll Fighter began the quest for the
                  | Orb.
     0 | D:1      | Reached XP level 1. HP: 22/22 MP: 0/0
   292 | D:1      | Reached XP level 2. HP: 29/29 MP: 1/1
  1077 | D:2      | Noticed Jessica
  1083 | D:2      | Killed Jessica
  1084 | D:2      | Reached skill level 1 in Throwing
  1084 | D:2      | Reached XP level 3. HP: 36/36 MP: 2/2
  1246 | D:2      | Reached skill level 3 in Unarmed Combat
  1247 | D:2      | Noticed Natasha
  1269 | D:2      | Killed Natasha
  1270 | D:2      | Reached XP level 4. HP: 39/44 MP: 3/3
  1582 | D:2      | Noticed Natasha
  1589 | D:2      | Killed Natasha
  1605 | D:2      | Noticed Natasha
  1612 | D:2      | Killed Natasha
  1613 | D:2      | Reached XP level 5. HP: 42/53 MP: 4/4
  1726 | D:2      | Found a faded altar of an unknown god.
  2017 | D:2      | Got the Discursus on the Metamorphic Spider
  2535 | D:3      | Reached skill level 4 in Unarmed Combat
  2693 | D:3      | Found a runed translucent door.
  2694 | D:3      | Noticed Crazy Yiuf
  3006 | D:3      | Killed Crazy Yiuf
  3007 | D:3      | Reached XP level 6. HP: 61/61 MP: 5/5
  3188 | D:4      | Found a glowing drain.
  3200 | Sewer    | Entered a sewer
  3506 | Sewer    | Reached skill level 5 in Unarmed Combat
  3529 | Sewer    | Reached XP level 7. HP: 54/68 MP: 6/6
  3667 | D:4      | Found Otewucwe's CLEARANCE SALE!.
  3874 | D:4      | Identified the +8 flail of Regicide {drain, Fly Int+6}
  3986 | D:4      | Found a staircase to the Ecumenical Temple.
  4005 | Temple   | Entered the Ecumenical Temple
  4048 | Temple   | Became a worshipper of Fedhas Madash
  4421 | D:5      | Entered Level 5 of the Dungeon
  4454 | D:5      | Noticed Eustachio
  4464 | D:5      | Killed Eustachio
  4465 | D:5      | Reached skill level 6 in Unarmed Combat
  4633 | D:5      | Reached XP level 8. HP: 78/78 MP: 7/7
  4662 | D:5      | Noticed Duvessa
  4663 | D:5      | Noticed Dowan
  4676 | D:5      | Killed Duvessa
  4681 | D:5      | Killed Dowan
  4867 | D:5      | Reached * piety under Fedhas
  4968 | D:5      | Reached skill level 5 in Shields
  5373 | D:6      | Reached skill level 7 in Unarmed Combat
  5392 | D:6      | Found a shimmering blue altar of Sif Muna.
  5396 | D:6      | Found a glowing golden altar of the Shining One.
  5396 | D:6      | Found a hide-covered altar of Uskayaw.
  5446 | D:6      | Found an iron altar of Okawaru.
  5500 | D:6      | Found a bloodstained altar of Trog.
  5501 | D:6      | Found a broken altar of Ashenzari.
  5562 | D:6      | Found Xuzo Ria's Magic Scroll Shop.
  5572 | D:6      | Bought a scroll of identify for 26 gold pieces
  5572 | D:6      | Bought a scroll of summoning for 123 gold pieces
  5572 | D:6      | Bought a scroll of immolation for 52 gold pieces
  5572 | D:6      | Bought a scroll of enchant armour for 97 gold pieces
  6134 | D:7      | Reached skill level 5 in Fighting
  6134 | D:7      | Reached XP level 9. HP: 81/88 MP: 8/8
  6174 | D:7      | Found a basalt altar of Yredelemnul.
  6332 | D:7      | Reached ** piety under Fedhas
  6500 | D:8      | Reached skill level 8 in Unarmed Combat
  6533 | D:8      | Noticed Prince Ribbit
  6541 | D:8      | Killed Prince Ribbit
  6579 | D:8      | Reached skill level 5 in Throwing
  6620 | D:8      | Found a white marble altar of Elyvilon.
  6796 | D:8      | Reached skill level 9 in Unarmed Combat
  6949 | D:8      | Found Fuit's General Store.
  6955 | D:8      | Bought a scroll of blinking for 90 gold pieces
  7010 | D:8      | Found a staircase to the Lair.
  7469 | D:9      | Noticed a two-headed ogre
  7474 | D:9      | Reached XP level 10. HP: 73/98 MP: 9/9
  7481 | D:9      | Killed a two-headed ogre
  7482 | D:9      | Reached skill level 1 in Invocations
  7864 | D:9      | Reached *** piety under Fedhas
  7981 | D:9      | Found Gisurphi's Antique Armour Emporium.
  8175 | D:10     | Entered Level 10 of the Dungeon
  8224 | D:10     | Noticed a two-headed ogre
  8238 | D:10     | Killed a two-headed ogre
  8239 | D:10     | Reached skill level 10 in Unarmed Combat
  8279 | D:10     | Found a radiant altar of Vehumet.
  8602 | D:10     | Found Otuem's Armour Emporium.
  8615 | D:10     | Reached skill level 1 in Armour
  9120 | D:11     | Noticed a two-headed ogre
  9129 | D:11     | Killed a two-headed ogre
  9530 | D:11     | Noticed a two-headed ogre
  9541 | D:11     | Killed a two-headed ogre
  9542 | D:11     | Reached XP level 11. HP: 92/107 MP: 9/12
 10207 | D:12     | Noticed an eight-headed hydra
 10214 | D:12     | Killed an eight-headed hydra
 10282 | D:12     | Noticed a deep elf pyromancer
 10295 | D:12     | Killed a deep elf pyromancer
 10324 | D:12     | Found a staircase to the Orcish Mines.
 10352 | D:12     | Annihilated by a titanic slime creature

Illustrated notes

Levels and vault maps discovered:
D:1:      lemuel_arrival_river_ford, layout_loops_corners
D:2:      layout_basic, shapermc_ecumenical_altar_mp_vishouse, uniq_jessica,
          uniq_natasha
D:3:      layout_basic, minmay_misc_feat_tower, roderic_serpentine_path,
          nrook_campfire, minivault_25, uniq_crazy_yiuf_cottage
D:4:      layout_basic, minmay_temple_entry_grid, lightli_sewer_entry_pipes,
          nicolae_shop_clearance
D:5:      layout_rooms, uniq_duvessa, uniq_eustachio
D:6:      layout_rooms, okawaru_trees_1, grunt_temple_overflow_open,
          serial_shops, shop_fountains, kennysheep_small_spiral,
          hangedman_glass_teeth
D:7:      layout_rooms, kennysheep_little_box
D:8:      layout_cave_pools, elyvilon_altar_5, grunt_lair_entry_orc_guard_hut,
          serial_shops, nicolae_shop_hallway_plus, uniq_prince_ribbit1
D:9:      layout_loops_cross, serial_shops, shop
D:10:     layout_cave_pools, mainiacjoe_overflow_catwalk, serial_shops,
          nicolae_square_shop
D:11:     layout_grid_maze
D:12:     cheibrodos_magma_flow, layout_rooms, uniq_snorg
Temple:   nicolae_temple_ecumenical_triangle

Skill      XL: |  1  2  3  4  5  6  7  8  9 10 11 |
---------------+----------------------------------+-----
Throwing       | 1 2 3 4 5 6 |  6.7
Shields        | 3 4 5 6 7 |  7.5
Unarmed Combat | 3 4 5 6 7 9 10 | 10.9
Fighting       | 3 4 5 6 |  6.9
Invocations    | 3 |  3.5
Dodging        | 3 4 |  4.2
Armour         | 1 2 |  2.1

Action                     |  1- 3 |  4- 6 |  7- 9 | 10-12 || total
---------------------------+-------+-------+-------+-------++-------
  Melee: Unarmed           |    61 |   138 |   286 |   162 ||   647
         Short sword       |       |    39 |       |       ||    39
  Throw: Stone             |     4 |    14 |    20 |    16 ||    54
         Boomerang         |    21 |    64 |    33 |    29 ||   147
         Dart              |       |     1 |   107 |    50 ||   158
 Invoke: Wall of Briars    |       |       |     2 |     5 ||     7
  Evoke: Wand              |       |       |       |     7 ||     7
    Use: Potion            |       |     3 |     1 |     4 ||     8
         Scroll            |       |     8 |    10 |     7 ||    25
   Stab: Sleeping          |     3 |       |       |       ||     3
         Invisible         |       |     3 |       |       ||     3
 Armour: Robe              |    11 |    47 |    61 |    18 ||   137
  Dodge: Dodged            |    19 |   100 |   155 |    99 ||   373
  Block: Kite shield       |    14 |    60 |    32 |       ||   106
         Tower shield      |       |       |   150 |   149 ||   299

Table legend: (Time is in decaauts)
 A = Elapsed time spent in this place.
 B = Non-inter-level travel time spent in this place.
 C = Inter-level travel time spent in this place.
 D = Time resting spent in this place.
 E = Time spent auto-exploring this place.
 F = Levels seen in this place.
 G = Mean time per level.
                   A        B        C        D        E       F      G
               +--------+--------+--------+--------+--------+-----+--------+
         Total |  10447 |   9680 |    767 |    177 |   7415 |  14 |  746.2 |
       Dungeon |  10018 |   9265 |    753 |    177 |   7237 |  12 |  834.8 |
        Temple |     52 |     38 |     14 |      0 |     31 |   1 |   52.0 |
         Sewer |    376 |    376 |      0 |      0 |    147 |   1 |  376.0 |
               +--------+--------+--------+--------+--------+-----+--------+

Top non-repeatable levels by time:
     D:2: 1194 daAuts
    D:11: 1165 daAuts
     D:1: 967 daAuts
     D:3: 965 daAuts
     D:4: 953 daAuts
     D:8: 886 daAuts
     D:9: 877 daAuts
     D:5: 739 daAuts
     D:6: 706 daAuts
    D:10: 654 daAuts
     D:7: 629 daAuts
   Sewer: 376 daAuts
    D:12: 280 daAuts
  Temple: 52 daAuts
